AoeStats
← lumpensammler666

African Clearing

510890646Analyzed
4v4 RM · 19h ago on Oct 3, 2026· 26m 46s· 8 players
Game mode
Random Map
Map size
Large (8 player)
Population
200
Speed
Normal
Resources
Standard
Victory
Conquest
Starting age
Dark Age
Ending age
Imperial Age
RankedLock teamsTeams togetherTeam positionsShared explorationLock speedFull tech treeHidden civsTurbo modeCheats
Victory
Defeat
🇵🇪 Mongols · Peru
1445
+13
🇨🇳 Magyars · China
1351
+16
🇺🇸 Japanese · United States
1349
+16
🇪🇨 Vietnamese · Ecuador
1345
+17
🇺🇸 Mongols · United States
1569
-23
🇺🇸 Saracens · United States
1435
-19
🇩🇪 Byzantines · Germany
1250
-11
🇦🇷 Franks · Argentina
1192
-9
Taco East
Leobossy
4:54 Loom
14:21 Feudal Age
18:20 Castle Age
16:11 Double-Bit Axe
19:23 Scale Mail Armor
19:43 Gold Mining
24:33 Forging
ElTitanSargeras
3:57 Loom
12:47 Feudal Age
16:37 Castle Age
14:40 Double-Bit Axe
15:59 Fletching
19:13 Bodkin Arrow
22:18 Ballistics
25:53 Wheelbarrow
半时
3:24 Loom
BomBomB0
KaLong
3:17 Loom
Meta meta
13:09 Feudal Age
19:56 Castle Age
17:44 Loom
18:18 Double-Bit Axe
19:00 Gold Mining
20:18 Scale Barding Armor
21:19 Husbandry
23:25 Fletching
23:57 Stone Mining
23:32 Elite Skirmisher
25:24 Padded Archer Armor
lumpensammler666
Connection lost

Rejoining the realm…

Still unreachable

The connection could not be restored.

Session expired

The server has moved on; the page needs a fresh start.